Map: Lightshade LE

Players

MCanning

  • Race: Protoss Protoss

Semper - Winner!

  • Race: Terran Terran

Event: DreamHack SC2 Masters 2021 Fall

VOD

Have the link to the VOD?

Description

Time

  • Played on: Aug. 6, 2021, 4:20 p.m.
  • Length: 10:35

All games in this series

Show
View Real Time Build Order
Export as new Build Order

MCanning Protoss 

Build Orders: 1 Gate Expand, Blink Stalkers 

Get SALT Encoding   

  12  0:00  Probe  
  13  0:12  Probe  
  14  0:18  Pylon  
  14  0:24  Probe  
  15  0:36  Gateway, Probe (Chrono Boost)  
  16  0:46  Assimilator, Probe (Chrono Boost)  
  17  0:51  Probe (Chrono Boost)  
  18  1:03  Probe  
  19  1:15  Probe  
  20  1:23  Nexus  
  20  1:34  Cybernetics Core  
  20  1:36  Probe  
  21  1:45  Pylon  
  21  1:48  Probe  
  21  1:52  Assimilator  
  22  2:00  Probe (Chrono Boost)  
  23  2:07  Adept (Chrono Boost)  
  23  2:11  Warp Gate  
  23  2:12  Probe (Chrono Boost)  
  26  2:21  Probe (Chrono Boost)  
  27  2:24  Twilight Council  
  27  2:27  Probe  
  28  2:33  Stalker  
  28  2:35  Probe (Chrono Boost)  
  32  2:44  Probe (Chrono Boost)  
  32  2:47  Probe (Chrono Boost)  
  34  2:51  Probe (Chrono Boost)  
  34  2:52  Probe (Chrono Boost)  
  34  2:55  Blink (Chrono Boost)  
  35  3:02  Probe  
  35  3:03  Probe  
  37  3:15  Probe  
  39  3:22  Gateway x2  
  39  3:24  Pylon, Adept  
  40  3:29  Probe x2  
  40  3:41  Probe x2  
  38  3:53  Probe x2  
  35  4:05  Probe  
  35  4:06  Stalker  
  36  4:12  Nexus  
  37  4:18  Probe x2 (Chrono Boost)  
  38  4:24  Sentry  
  38  4:27  Probe (Chrono Boost)  
  38  4:29  Probe (Chrono Boost)  
  42  4:33  Robotics Facility, Probe  
  43  4:40  Sentry  
  43  4:41  Probe (Chrono Boost)  
  43  4:44  Shield Battery  
  46  4:46  Probe (Chrono Boost)  
  46  4:51  Charge  
  44  4:55  Probe (Chrono Boost)  
  44  4:56  Probe (Chrono Boost)  
  35  5:03  Probe  
  35  5:04  Probe  
  35  5:16  Probe (Chrono Boost)  
  35  5:19  Probe (Chrono Boost)  
  35  5:20  Observer  
  38  5:27  Probe (Chrono Boost)  
  41  5:30  Probe (Chrono Boost)  
  41  5:31  Probe (Chrono Boost)  
  41  5:32  Pylon  
  41  5:33  Robotics Bay  
  41  5:34  Probe (Chrono Boost)  
  42  5:39  Probe (Chrono Boost)  
  45  5:43  Probe (Chrono Boost)  
  45  5:45  Probe x2 (Chrono Boost)  
  46  5:51  Probe  
  46  5:54  Probe x2  
  49  5:59  Gateway  
  49  6:03  Immortal (Chrono Boost)  
  49  6:06  Probe  
  49  6:09  Shield Battery  
  54  6:13  Probe  
  54  6:16  Stalker  
  57  6:19  Stalker  
  57  6:24  Probe  
  60  6:30  Disruptor (Chrono Boost)  
  60  6:31  Probe  
  64  6:34  Gateway  
  64  6:35  Zealot  
  64  6:37  Pylon  
  66  6:42  Shield Battery  
  66  6:49  Probe x2  
  66  6:50  Probe  
  69  6:55  Zealot  
  69  6:57  Pylon, Disruptor (Chrono Boost)  
  74  7:01  Zealot x2, Probe  
  74  7:06  Probe  
  81  7:08  Probe  
  81  7:13  Probe  
  81  7:14  Zealot  
  84  7:17  Pylon  
  84  7:18  Pylon  
  84  7:25  Zealot x2  
  84  7:26  Disruptor, Zealot  
  93  7:34  Zealot  
  93  7:40  Stalker  
  95  7:47  Zealot x3  
  95  7:50  Probe  
  93  7:54  Probe  
  82  8:01  Zealot  
  73  8:09  Stalker  
  73  8:10  Stalker  
  75  8:16  Probe  
  75  8:18  Probe  
  75  8:19  Probe  
  74  8:21  Zealot x3  
  80  8:28  Probe  
  80  8:30  Probe  
  80  8:31  Assimilator, Probe  
  83  8:35  Assimilator  
  83  8:38  Zealot x2  
  83  8:40  Probe  
  88  8:42  Probe  
  88  8:43  Probe  
  88  8:45  Zealot  
  92  8:49  Pylon  
  92  8:55  Zealot  
  89  8:57  Probe  
  89  9:00  Assimilator  
  89  9:02  Zealot x3  
  87  9:05  Colossus (Chrono Boost)  
  87  9:06  Probe x2  
  95  9:17  Zealot x2  
  95  9:20  Probe  
  99  9:26  Probe  
  99  9:27  Zealot  
  99  9:28  Zealot x2  
  87  9:40  Zealot  
  87  9:41  Zealot  
  87  9:42  Probe  
  87  9:44  Forge  
  87  9:45  Forge  
  92  9:50  Stalker x2  
  96  9:53  Disruptor (Chrono Boost), Probe  
  96  9:54  Probe  
  101  10:04  Pylon  
  93  10:21  Probe x3  
  93  10:24  Stalker x5  
Show
View Real Time Build Order
Export as new Build Order

Semper Terran - Winner!

Build Orders:  

Get SALT Encoding   

  12  0:00  SCV  
  13  0:12  SCV  
  14  0:17  Supply Depot  
  14  0:25  SCV  
  15  0:38  SCV  
  15  0:40  Barracks  
  16  0:44  Refinery  
  16  0:51  SCV  
  17  1:03  SCV  
  18  1:15  SCV  
  19  1:27  Marine  
  19  1:28  Orbital Command  
  20  1:42  Command Center  
  20  1:46  Barracks Reactor  
  20  1:54  Supply Depot  
  20  1:58  SCV  
  21  2:08  Factory  
  21  2:11  SCV  
  22  2:22  Marine x2  
  22  2:23  SCV  
  22  2:27  Refinery  
  25  2:35  SCV  
  26  2:40  Marine x2  
  28  2:47  SCV  
  29  2:55  Orbital Command, Starport  
  29  3:01  SCV  
  30  3:06  Hellion x2  
  34  3:13  SCV  
  35  3:20  Barracks Tech Lab  
  35  3:21  SCV  
  36  3:27  Widow Mine x2  
  36  3:31  SCV, Supply Depot  
  38  3:49  SCV x2  
  38  3:50  Medivac  
  38  3:52  Widow Mine x2  
  38  3:53  Marine  
  45  4:02  SCV  
  44  4:06  SCV  
  44  4:08  Bunker, Supply Depot  
  43  4:10  Barracks  
  43  4:11  Barracks  
  43  4:16  SCV  
  44  4:21  Engineering Bay  
  44  4:23  Siege Tank  
  47  4:24  Marine x2  
  47  4:26  Starport Tech Lab  
  47  4:27  SCV  
  50  4:32  Refinery  
  50  4:33  SCV  
  50  4:36  Supply Depot  
  51  4:42  Marine  
  51  4:44  Raven  
  54  4:45  SCV  
  54  4:46  SCV  
  52  5:00  Marine  
  52  5:01  Siege Tank  
  52  5:04  SCV x2  
  56  5:11  Refinery  
  52  5:14  Marine x2  
  52  5:16  SCV x2, Terran Infantry Weapons Level 1  
  52  5:19  Supply Depot  
  56  5:24  Marine  
  56  5:28  SCV x2  
  59  5:32  Marine  
  59  5:33  Marine, Stimpack  
  61  5:38  Starport Reactor  
  61  5:40  SCV  
  61  5:42  SCV, Factory Reactor  
  63  5:44  Marine  
  63  5:45  Marine  
  63  5:48  Combat Shield  
  65  5:50  Marine  
  65  5:51  Marine  
  65  5:53  SCV, Supply Depot  
  65  5:54  Supply Depot  
  68  5:59  SCV  
  68  6:01  Marine  
  70  6:08  Command Center  
  70  6:10  Supply Depot, Marauder x2  
  74  6:15  Medivac x2  
  74  6:16  Marine  
  79  6:19  Widow Mine  
  79  6:21  Widow Mine  
  83  6:27  Marine  
  83  6:28  Supply Depot  
  83  6:29  Supply Depot  
  84  6:33  Supply Depot  
  84  6:39  Marine  
  88  6:40  Marauder x2  
  88  6:45  Marine  
  89  6:57  Marine  
  89  6:59  Medivac x2  
  96  7:01  Marauder  
  96  7:02  Barracks  
  96  7:04  Marine, Barracks  
  96  7:05  Marauder  
  96  7:08  Supply Depot  
  99  7:12  SCV  
  99  7:15  Marine  
  100  7:20  SCV  
  100  7:22  Marine  
  103  7:25  SCV  
  103  7:26  Marine  
  105  7:34  Marine  
  105  7:35  Marauder  
  105  7:36  Widow Mine x2, Medivac x2  
  112  7:38  Terran Infantry Armor Level 1  
  112  7:39  SCV  
  113  7:49  Marine  
  104  8:06  Marine  
  104  8:08  Barracks Tech Lab, Medivac  
  104  8:09  Medivac  
  103  8:14  Factory Tech Lab  
  103  8:18  SCV  
  98  8:20  Marine x3  
  98  8:21  Marine, Marauder  
  98  8:24  SCV  
  98  8:25  Marine  
  106  8:30  Marine  
  106  8:31  SCV  
  106  8:32  Orbital Command  
  107  8:36  SCV  
  107  8:37  Armory, Engineering Bay  
  107  8:38  Marine  
  107  8:39  Marauder  
  107  8:40  Siege Tank  
  114  8:42  Liberator  
  114  8:43  SCV, Liberator  
  114  8:45  Marauder  
  114  8:48  SCV  
  124  8:49  Marauder  
  118  8:57  Marine x2  
  118  8:59  Marine  
  118  9:00  Marine, Marauder  
  119  9:03  SCV x3  
  119  9:05  Refinery  
  119  9:06  Refinery, Marauder  
  119  9:09  Marine  
  122  9:15  SCV  
  122  9:26  Marine x2  
  122  9:27  Marauder  
  126  9:31  Liberator  
  126  9:32  Liberator  
  126  9:35  Marine, Concussive Shells  
  126  9:36  Marauder  
  126  9:37  SCV  
  131  9:38  SCV  
  131  9:39  Ghost Academy  
  131  9:41  Command Center  
  131  9:43  SCV  
  133  9:47  Marine x2, Marauder  
  133  9:50  Bunker  
  133  9:52  Missile Turret  
  137  9:53  SCV, Siege Tank, Missile Turret  
  141  10:05  Marine, Marauder  
  141  10:06  Marauder  
  146  10:15  Marine  

Tags
 
Add a new tag
Caveats
  • Supply blocks, unpowered buildings, or Contaminate may cause inaccurate times.
  • Supply counts are checked every 10 seconds.